 Dungeon Crawl Stone Soup version 0.26.1-2-gb8aa6d0cf2 (webtiles) character file.

Game seed: 11923041485091025190

2571 Groucho the Covert (level 9, -1/38 (39) HPs)
             Began as a Spriggan Enchanter on Feb 22, 2021.
             Was a Follower of Kikubaaqudgha.
             Slain by a wight
             ... wielding a cursed +0 great sword
              (11 damage)
             ... on level 8 of the Dungeon.
             The game lasted 00:32:30 (19974 turns).

Groucho the Covert (Spriggan Enchanter)            Turns: 19974, Time: 00:32:32

HP:   -1/38 (39)    AC:  4    Str: 13    XL:     9   Next: 32%
MP:   14/29         EV: 18    Int: 19    God:    Kikubaaqudgha [*.....]
Gold: 421           SH:  0    Dex: 16    Spells: 8/22 levels left

rFire    . . .     SeeInvis +   E - +4 dagger
rCold    . . .     Faith    .   (shield restricted)
rNeg     . . .     Spirit   .   b - +0 robe
rPois    .         Reflect  .   v - +1 hat
rElec    .         Harm     .   o - +0 cloak
rCorr    .         Rampage  .   (gloves unavailable)
Will     +....                  (boots unavailable)
Stlth    ++++++....             (no amulet)
HPRegen  0.12/turn              p - ring of magical power
MPRegen  0.21/turn              t - +6 ring of strength

@: studying Axes, lightly drained, very quick
A: very small, unfitting armour, claws 1, see invisible, blink, clever 1, speed
3, wild magic 1, evolution 1
a: Blink, Renounce Religion, Receive Corpses


You were on level 8 of the Dungeon.
You worshipped Kikubaaqudgha.
Kikubaaqudgha was aware of your devotion.
You visited 2 branches of the dungeon, and saw 10 of its levels.

You collected 421 gold pieces.

Inventory:

Hand Weapons
 E - a +4 dagger (weapon)
Missiles
 l - 146 stones
 q - 38 poisoned darts (quivered)
 r - 8 boomerangs
Armour
 b - a +0 robe (worn)
 o - a +0 cloak (worn)
 v - a +1 hat (worn)
Jewellery
 p - a ring of magical power (left claw)
 t - a +6 ring of strength (right claw)
 B - an uncursed ring of willpower
Wands
 a - a wand of iceblast (10)
 s - a wand of polymorph (10)
 y - a wand of acid (12)
Scrolls
 e - 3 scrolls of identify
 f - 2 scrolls of enchant weapon
 g - 3 scrolls of remove curse
 i - a scroll of fear {unknown}
 m - 6 scrolls of teleportation {unknown}
 n - 2 scrolls of immolation {unknown}
 u - a scroll of noise {unknown}
 A - 4 scrolls of random uselessness {unknown}
 C - a scroll of enchant armour {unknown}
Potions
 c - a potion of flight
 d - 2 potions of curing
 j - 3 potions of might {unknown}
 k - a potion of haste
 w - a potion of brilliance {unknown}
 z - 2 potions of mutation
 D - a potion of ambrosia {unknown}
 F - a potion of invisibility {unknown}
Books
 x - a manual of Axes


   Skills:
 - Level 1.1 Short Blades
 - Level 3.0 Dodging
 * Level 14.3 Stealth
 + Level 7.1 Spellcasting
 + Level 7.6 Hexes
 + Level 2.9 Necromancy


You had 8 spell levels left.
You knew the following spells:

 Your Spells              Type           Power        Failure   Level
a - Corona                Hex            51%          1%          1
b - Ensorcelled Hibernat  Hex/Ice        54%          5%          2
c - Confusing Touch       Hex            46%          2%          3
d - Tukima's Dance        Hex            46%          2%          3
e - Dazzling Flash        Conj/Hex       54%          10%         3
f - Blink                 Tloc           N/A          22%         2

Your spell library contained the following spells:

 Spells                   Type           Power        Failure   Level
 Slow                     Hex            46%          1%          2
 Animate Skeleton         Necr           46%          5%          1
 Apportation              Tloc           16%          14%         1
 Magic Dart               Conj           32%          14%         1
 Summon Small Mammal      Summ           32%          14%         1
 Call Imp                 Summ           8%           22%         2
 Conjure Flame            Conj/Fire      8%           38%         3
 Mephitic Cloud           Conj/Pois/Air  8%           38%         3


Dungeon Overview and Level Annotations

Branches:
Dungeon (9/15)             Temple (1/1) D:5
   Lair: D:8-11         Orc: D:9-12

Altars:
Ashenzari
Cheibriados
Dithmenos
Elyvilon
Fedhas
Gozag
Hepliaklqana
Kikubaaqudgha
Makhleb
Nemelex Xobeh
Okawaru
Qazlal
Ru
Sif Muna
Trog
Uskayaw
Vehumet
Wu Jian
Xom
Yredelemnul
Zin
The Shining One


Innate Abilities, Weirdness & Mutations

You are very small and have problems with some larger weapons.
You are too small for most types of armour.
You have supernaturally acute eyesight. (SInv)
You cover ground extremely quickly.
You have sharp fingernails.
You can translocate small distances at will.
Your mind is acute. (Int +2)
Your spells are a little harder to cast, but a little more powerful.
You evolve.


Message History

You are too injured to fight recklessly!
You are too injured to fight recklessly!
You are too injured to fight recklessly!
You are too injured to fight recklessly!
Unknown command.
Items here: ))) [[ ÷.
You barely miss the wight. You hit the killer bee zombie.
The killer bee zombie is lightly damaged.
The killer bee zombie barely misses you.
A scorpion comes into view.
The wight closely misses you.
You closely miss the killer bee zombie.
The killer bee zombie is lightly damaged.
The killer bee zombie completely misses you.
The killer bee zombie hits you.
* * * LOW HITPOINT WARNING * * *
The wight hits you with a cursed +0 great sword!
You die...
Kikubaaqudgha rasps: "You have failed me!
Welcome... death!"

### ###.# ###..
..#.# ..s# #.#.#
..# ##.#.# #. #.#
....# #.
####.####..# #.
#...zZ)..#.#
###.##.##@####[z###
#.......#.#....†..#
#.........#.##..#.#
#.......### #..#.#
#......>#
#....z...F
#..<....#
##.#.#....
#...<...# ..#.#####
#.......# ... #
######### ####


You could see a scorpion (wandering), a wight (confused) and a killer bee
zombie.

Vanquished Creatures
  A water moccasin (D:6)
  An orc warrior (D:7)
  A black bear (D:8)
  2 sky beasts (D:5)
  A phantom (D:6)
  A hornet zombie (D:5)
  4 ogres
  A centaur (D:6)
  5 bullfrogs
  3 scorpions
  2 wights (D:8)
  A quasit (D:9)
  Crazy Yiuf (D:2)
  A centaur skeleton (D:6)
  4 orc priests
  Terence (D:2)
  A hound (D:4)
  6 orc wizards
  6 worker ants
  2 killer bee zombies
  6 gnolls
  10 adders
  3 shadow imps (D:5)
  A white imp (D:6)
  An ufetubus (D:5)
  5 oozes
  An adder skeleton (D:6)
  7 worms
  3 dart slugs (D:1)
  7 leopard geckos
  20 orcs
  13 bats
  8 goblins
  9 hobgoblins
  7 jackals
  7 kobolds
  4 quokkas
  A ball python (D:4)
  A ball python skeleton (D:4)
  7 frilled lizards
  A leopard gecko zombie (D:7)
  A quokka zombie (D:7)
  5 rats (D:1)
173 creatures vanquished.

Vanquished Creatures (others)
  A dancing weapon (D:2)
  44 fungi (D:8)
  34 plants (D:8)
79 creatures vanquished.

Grand Total: 252 creatures vanquished

Notes
Turn   | Place    | Note
-------+----------+-------------------------------------------
     0 | D:1      | Groucho the Spriggan Enchanter began the quest for the Orb.
     0 | D:1      | Reached XP level 1. HP: 9/9 MP: 5/5
   565 | D:1      | Reached skill level 5 in Stealth
   877 | D:1      | Reached XP level 2. HP: 13/13 MP: 6/6
  1089 | D:1      | Reached skill level 6 in Stealth
  1924 | D:1      | Reached XP level 3. HP: 13/16 MP: 8/8
  2745 | D:1      | Learned a level 2 spell: Ensorcelled Hibernation
  3228 | D:1      | Learned a level 3 spell: Confusing Touch
  3716 | D:2      | Reached skill level 7 in Stealth
  4155 | D:2      | Noticed Terence
  4285 | D:2      | Killed Terence
  4286 | D:2      | Reached XP level 4. HP: 11/21 MP: 1/9
  5099 | D:2      | Reached skill level 8 in Stealth
  6341 | D:2      | Reached XP level 5. HP: 24/24 MP: 3/10
  6463 | D:2      | Found a faded altar of an unknown god.
  6482 | D:2      | Reached skill level 9 in Stealth
  7813 | D:2      | Found a runed translucent door.
  7814 | D:2      | Noticed Crazy Yiuf
  8079 | D:2      | Learned a level 3 spell: Tukima's Dance
  8110 | D:2      | Killed Crazy Yiuf
  9600 | D:3      | Reached XP level 6. HP: 28/28 MP: 6/12
 10090 | D:3      | You fall into a shaft and drop 2 floors!
 10090 | D:5      | Entered Level 5 of the Dungeon
 10169 | D:3      | Reached skill level 10 in Stealth
 11667 | D:4      | Gained mutation: You are frail. (-10% HP) [potion of
                  | mutation]
 11667 | D:4      | Gained mutation: You are partially covered in iridescent
                  | scales. (AC +2) [potion of mutation]
 11668 | D:4      | Lost mutation: You are frail. (-10% HP) [potion of
                  | mutation]
 11668 | D:4      | Lost mutation: You are partially covered in iridescent
                  | scales. (AC +2) [potion of mutation]
 11668 | D:4      | Gained mutation: You have sharp fingernails. [potion of
                  | mutation]
 11668 | D:4      | Gained mutation: Your spells are a little harder to cast,
                  | but a little more powerful. [potion of mutation]
 11668 | D:4      | Gained mutation: You evolve. [potion of mutation]
 12246 | D:5      | Reached XP level 7. HP: 32/32 MP: 14/14
 12261 | D:5      | Reached skill level 5 in Hexes
 13310 | D:5      | Reached skill level 11 in Stealth
 13809 | D:3      | Gained mutation: You can translocate small distances at
                  | will. [evolution]
 14862 | D:5      | Reached skill level 5 in Spellcasting
 14917 | D:4      | Reached skill level 12 in Stealth
 15288 | D:5      | Reached XP level 8. HP: 35/36 MP: 16/16
 15694 | D:5      | Found a staircase to the Ecumenical Temple.
 15702 | Temple   | Entered the Ecumenical Temple
 15951 | Temple   | Became a worshipper of Kikubaaqudgha
 16308 | D:6      | Reached skill level 13 in Stealth
 16308 | D:6      | Reached skill level 1 in Necromancy
 17268 | D:6      | Learned a level 3 spell: Dazzling Flash
 17271 | D:6      | Learned a level 2 spell: Blink
 17288 | D:6      | Gained mutation: Your mind is acute. (Int +2) [evolution]
 17688 | D:7      | Found a hazy altar of Hepliaklqana.
 17849 | D:7      | Reached XP level 9. HP: 38/39 MP: 19/19
 18932 | D:7      | Reached skill level 14 in Stealth
 19958 | D:8      | Reached * piety under Kikubaaqudgha
 19958 | D:8      | Identified Kikubaaqudgha's Volume of Unholy Rituals
                  | (Kikubaaqudgha gifted it to you on level 8 of the Dungeon)
 19958 | D:8      | Received a gift from Kikubaaqudgha
 19974 | D:8      | Slain by a wight

Illustrated notes

Levels and vault maps discovered:
D:1:      ncdulo_lavacross, layout_basic, minmay_misc_feat_more_columns
D:2:      kennysheep_big_flooded_room, layout_loops_corners,
          chequers_ecumenical_altar_simple, uniq_terence,
          uniq_crazy_yiuf_cottage
D:3:      minmay_bubble_buster, layout_loops_cross, serial_glass,
          glass_columns_c, glass_columns_b, glass_columns_b, glass_columns_b,
          glass_columns_a, glass_columns_c
D:4:      layout_basic
D:5:      layout_rooms, minmay_temple_entry_butterflies, minmay_manual_mess
D:6:      layout_rooms
D:7:      layout_loops_ring, nzn_hepliaklqana_mist_gate
D:8:      layout_loops_cross, due_lair_maze_entry_diamond, serial_shops, shop,
          uniq_prince_ribbit1
D:9:      layout_roguey, serial_shops, shop, hangedman_little_slice_of_home,
          uniq_pikel
Temple:   kilobyte_greek_temple

Skill      XL: |  1  2  3  4  5  6  7  8  9 |
---------------+----------------------------+-----
Stealth        | 5 6 7 8 9 10 12 13 14 | 14.3
Spellcasting   | 3 4 5 6 7 |  7.1
Hexes          | 4 5 7 |  7.6
Necromancy     | 2 |  2.9
Short Blades   | |  1.1
Dodging        | |  3.0

Action                   |  1- 3 |  4- 6 |  7- 9 || total
-------------------------+-------+-------+-------++-------
Melee: Dagger            |   155 |   145 |   201 ||   501
Throw: Dart              |       |       |     2 ||     2
 Cast: Corona            |     8 |     1 |     2 ||    11
       Ensorcelled Hiber |    13 |    64 |    68 ||   145
       Confusing Touch   |     2 |     5 |    26 ||    33
       Tukima's Dance    |       |     2 |       ||     2
  Use: Potion            |       |     6 |     3 ||     9
       Scroll            |       |     4 |     1 ||     5
 Stab: Sleeping          |    18 |    52 |    54 ||   124
       Confused          |     1 |     3 |    17 ||    21
Armor: Robe              |     4 |     9 |    14 ||    27
Dodge: Dodged            |    81 |   104 |   103 ||   288
